Workbook

Sheet Instructions for Use
A1: Private and Confidential
B2: Infrastructure Activation Fund
B4: Prepared by: State of Queensland
B7: Legend
C9: Enter applicant inputs
C10: Autocalculated fields - do not edit or delete the formulas in the Cashflow Forecast or Assumptions tabs
B12: Instructions
B14: Cashflow Forecast
B15: - Complete the Cashflow Forecast tab to provide a detailed cashflow forecast for the project.
B16: - Add rows if necessary to the project funding and expenditure sections to reflect all sources and items
B17: - Update column headings to identify the relvant month and year
B18: - Extend the forecast until all construction expenses are incurred and all funds are received. Ensure total project expenditure and revenue align with the Application, project plan, and cost breakdown.
B19: - Ensure all amounts are excluding GST.
B20: - Ensure the cashflow forecast timeframes match those outlined in your Application documentation.
B21: - Provide cashflows excluding discount rates or termininal values (such as a discounted cashflow analysis).
B22: - Discussion or modelling of decision-making scenarios, including discount rates, may be provided as a separate attachment.
B23: - Discussion or modelling of terminal values, end-of-life capital costs, exit costs, and/or forecast asset values may be provided as a separate attachment.
B25: Assumptions
... B36: Grant Payments - Local Government
B37: Milestone | G37: Available IAF Funding
B38: Upon execution of Funding Agreement | G38: 20% of Maximum Funding Amount upfront
B39: Upon execution of the Infrastructure Works Contract | G39: 90% of the value of the Infrastructure Works Contract, less the Funding Paid
B40: Project Completion | G40: Lesser of (a) the Maximum Funding Amount; and (b) the Eligible Project Costs expended by the Recipient
B42: Grant Payments - Developers
B43: Payment Claim Date | G43: Available IAF Funding
B44: Upon execution of Funding Agreement | G44: 20% of Maximum Funding Amount upfront
B45: Quarterly, following the execution of the Infrastructure Works Contract | G45: Reimbursement of Eligible Project Costs incurred and paid by the Recipient up to the remaining 80% of the Maximum Funding Amount

Sheet Cashflow Forecast
B1: Project Cashflow Forecast
B2: Infrastructure Activation Fund
B4: Refer to Instructions for Use Tab prior to populating this cashflow
B7: Project Name:
B8: Applicant Name:
B9: Applicant Type:
B11: Project Cashflow: | C11: Month | D11: Month | E11: Month | F11: Month | G11: Month | H11: Month | I11: Month | J11: Month | K11: Month | L11: Month | M11: Month | N11: Month | O11: Month | P11: Month | Q11: Month | R11: Month | S11: Month | T11: Total
B13: Opening Balance
B14: Opening Balance | D14: =C46 -> 0 | E14: =D46 -> 0 | F14: =E46 -> 0 | G14: =F46 -> 0 | H14: =G46 -> 0 | I14: =H46 -> 0 | J14: =I46 -> 0 | K14: =J46 -> 0 | ... S14: =R46 -> 0 | T14: N/A
B16: Project Funding
B17: IAF Funding | T17: =SUM(C17:S17) -> 0
B18: Applicant contribution | T18: =SUM(C18:S18) -> 0
B19: [insert name of any third-party contributors] | T19: =SUM(C19:S19) -> 0
B20: [insert name of any third-party contributors] | T20: =SUM(C20:S20) -> 0
B21: spare | T21: =SUM(C21:S21) -> 0
B22: spare | T22: =SUM(C22:S22) -> 0
B23: spare | T23: =SUM(C23:S23) -> 0
B24: spare | T24: =SUM(C24:S24) -> 0
B25: Project Funding Subtotal | C25: =SUM(C17:C24) -> 0 | D25: =SUM(D17:D24) -> 0 | E25: =SUM(E17:E24) -> 0 | F25: =SUM(F17:F24) -> 0 | G25: =SUM(G17:G24) -> 0 | H25: =SUM(H17:H24) -> 0 | I25: =SUM(I17:I24) -> 0 | J25: =SUM(J17:J24) -> 0 | ... S25: =SUM(S17:S24) -> 0 | T25: =SUM(C25:S25) -> 0
B27: Expenditure (update row headings as appropriate)
B28: E.g. Project management costs | T28: =SUM(C28:S28) -> 0
B29: E.g. Construction delivery costs (materials & labour) | T29: =SUM(C29:S29) -> 0
B30: E.g. Construction contractor costs | T30: =SUM(C30:S30) -> 0
B31: E.g. Professional Fees | T31: =SUM(C31:S31) -> 0
B32: E.g. Statutory Fees and Charges | T32: =SUM(C32:S32) -> 0
B33: E.g. Other | T33: =SUM(C33:S33) -> 0
B34: spare | T34: =SUM(C34:S34) -> 0
B35: spare | T35: =SUM(C35:S35) -> 0
B36: spare | T36: =SUM(C36:S36) -> 0
B37: spare | T37: =SUM(C37:S37) -> 0
B38: spare | T38: =SUM(C38:S38) -> 0
B39: spare | T39: =SUM(C39:S39) -> 0
B40: Expenditure Subtotal | C40: =SUM(C28:C39) -> 0 | D40: =SUM(D28:D39) -> 0 | E40: =SUM(E28:E39) -> 0 | F40: =SUM(F28:F39) -> 0 | G40: =SUM(G28:G39) -> 0 | H40: =SUM(H28:H39) -> 0 | I40: =SUM(I28:I39) -> 0 | J40: =SUM(J28:J39) -> 0 | ... S40: =SUM(S28:S39) -> 0 | T40: =SUM(C40:S40) -> 0
B42: Net cash in / out
B43: Net Cash in / out | C43: =C25-C40 -> 0 | D43: =D25-D40 -> 0 | E43: =E25-E40 -> 0 | F43: =F25-F40 -> 0 | G43: =G25-G40 -> 0 | H43: =H25-H40 -> 0 | I43: =I25-I40 -> 0 | J43: =J25-J40 -> 0 | ... T43: =T25-T40 -> 0
B45: Closing Balance
B46: Closing Balance | C46: =C14+C43 -> 0 | D46: =D14+D43 -> 0 | E46: =E14+E43 -> 0 | F46: =F14+F43 -> 0 | G46: =G14+G43 -> 0 | H46: =H14+H43 -> 0 | I46: =I14+I43 -> 0 | J46: =J14+J43 -> 0 | ... S46: =S14+S43 -> 0 | T46: N/A

Sheet Assumptions
B1: Input Assumptions
B2: Infrastructure Activation Fund
B4: Refer to Instructions for Use Tab prior to populating this cashflow
B7: Project Name: | C7: {=SUBSTITUTE('Cashflow Forecast'!C7:E7,0,"")}
B8: Applicant Name: | C8: {=SUBSTITUTE('Cashflow Forecast'!C8:E8,0,"")}
B9: Applicant Type: | C9: {=SUBSTITUTE('Cashflow Forecast'!C9:E9,0,"")}
B11: Input | C11: Provide details of assumptions here:
B12: =SUBSTITUTE('Cashflow Forecast'!B14,0,"") -> Opening Balance
B14: =SUBSTITUTE('Cashflow Forecast'!B16,0,"") -> Project Funding
B15: =SUBSTITUTE('Cashflow Forecast'!B17,0,"") -> IAF Funding
B16: =SUBSTITUTE('Cashflow Forecast'!B18,0,"") -> Applicant contribution
B17: =SUBSTITUTE('Cashflow Forecast'!B19,0,"") -> [insert name of any third-party contributors]
B18: =SUBSTITUTE('Cashflow Forecast'!B20,0,"") -> [insert name of any third-party contributors]
B19: =SUBSTITUTE('Cashflow Forecast'!B21,0,"") -> spare
B20: =SUBSTITUTE('Cashflow Forecast'!B22,0,"") -> spare
B21: =SUBSTITUTE('Cashflow Forecast'!B23,0,"") -> spare
B22: =SUBSTITUTE('Cashflow Forecast'!B24,0,"") -> spare
B24: =SUBSTITUTE('Cashflow Forecast'!B27,0,"") -> Expenditure (update row headings as appropriate)
B25: =SUBSTITUTE('Cashflow Forecast'!B28,0,"") -> E.g. Project management costs
B26: =SUBSTITUTE('Cashflow Forecast'!B29,0,"") -> E.g. Construction delivery costs (materials & labour)
B27: =SUBSTITUTE('Cashflow Forecast'!B30,0,"") -> E.g. Construction contractor costs
B28: =SUBSTITUTE('Cashflow Forecast'!B31,0,"") -> E.g. Professional Fees
B29: =SUBSTITUTE('Cashflow Forecast'!B32,0,"") -> E.g. Statutory Fees and Charges
B30: =SUBSTITUTE('Cashflow Forecast'!B33,0,"") -> E.g. Other
B31: =SUBSTITUTE('Cashflow Forecast'!B34,0,"") -> spare
B32: =SUBSTITUTE('Cashflow Forecast'!B35,0,"") -> spare
B33: =SUBSTITUTE('Cashflow Forecast'!B36,0,"") -> spare
B34: =SUBSTITUTE('Cashflow Forecast'!B37,0,"") -> spare
B35: =SUBSTITUTE('Cashflow Forecast'!B38,0,"") -> spare
B36: =SUBSTITUTE('Cashflow Forecast'!B39,0,"") -> spare
B38: =SUBSTITUTE('Cashflow Forecast'!B43,0,"") -> Net Cash in / out
B40: =SUBSTITUTE('Cashflow Forecast'!B46,0,"") -> Closing Balance
